AoeStats
← meditator27

Black Forest

504354895Analyzed
4v4 RM · 27d ago on Sep 5, 2026· 39m 16s· 8 players
Game mode
Random Map
Map size
Large (8 player)
Population
200
Speed
Normal
Resources
Standard
Victory
Conquest
Starting age
Dark Age
Ending age
Imperial Age
RankedLock teamsTeams togetherTeam positionsShared explorationLock speedFull tech treeHidden civsTurbo modeCheats
Victory
Defeat
🇵🇪 Magyars · Peru
1118
+17
🇨🇴 Malians · Colombia
1108
+17
🇺🇸 Gurjaras · United States
1106
+17
🇺🇸 Turks · United States
1053
+19
🇹🇼 Persians · Taiwan
1199
-20
🇲🇦 Bohemians · Morocco
1153
-18
🇹🇼 Aztecs · Taiwan
1130
-18
🇨🇱 Italians · Chile
1039
-14
Chepero
0:31 Loom
13:55 Feudal Age
14:36 Double-Bit Axe
20:40 Castle Age
20:08 Forging
19:59 Scale Mail Armor
21:35 Squires
25:43 Horse Collar
26:34 Gold Mining
27:22 Bow Saw
33:20 Imperial Age
31:35 Fletching
33:11 Bodkin Arrow
36:01 Chemistry
travis
9:51 Feudal Age
10:27 Horse Collar
10:34 Double-Bit Axe
14:08 Horse Collar
15:48 Wheelbarrow
19:24 Castle Age
18:25 Scale Barding Armor
18:32 Forging
20:28 Bow Saw
20:20 Heavy Plow
20:40 Forging
22:12 Iron Casting
23:15 Husbandry
23:28 Bloodlines
24:30 Hand Cart
24:46 Hand Cart
29:58 Scale Barding Armor
31:23 Gold Mining
34:34 Gold Shaft Mining
34:22 Caravan
Prince of Hell
1:52 Loom
12:15 Feudal Age
16:34 Castle Age
14:26 Double-Bit Axe
20:52 Imperial Age
19:47 Bow Saw
19:39 Horse Collar
22:03 Gold Mining
28:35 Padded Archer Armor
28:35 Town Watch
29:26 Wheelbarrow
31:11 Gold Shaft Mining
35:42 Leather Archer Armor
35:33 Heavy Plow
36:12 Elite Janissary
38:32 Hand Cart
40:01 Forging
39:56 Scale Barding Armor
Yisus Patitas Suaves
11:23 Feudal Age
15:08 Castle Age
13:33 Double-Bit Axe
14:27 Horse Collar
16:17 Wheelbarrow
21:34 Bow Saw
21:38 Heavy Plow
21:58 Stone Mining
22:42 Loom
24:48 Scale Barding Armor
28:27 Imperial Age
26:15 Town Watch
26:51 Chain Barding Armor
27:28 Corvinian Army
28:52 Hand Cart
28:37 Town Patrol
29:42 Conscription
29:26 Elite Magyar Huszar
31:10 Plate Barding Armor
31:53 Crop Rotation
32:20 Fletching
32:31 Padded Archer Armor
33:16 Bodkin Arrow
38:46 Two-Man Saw
No-One-Knows-Me
1:12 Loom
11:15 Feudal Age
16:03 Castle Age
14:24 Double-Bit Axe
14:52 Horse Collar
17:51 Wheelbarrow
20:07 Bow Saw
22:52 Chemistry
22:17 Padded Archer Armor
26:29 Scale Barding Armor
Garfield
0:34 Loom
14:54 Feudal Age
22:13 Castle Age
21:07 Double-Bit Axe
26:29 Fervor
28:25 Sanctity
28:18 Fletching
29:12 Redemption
29:51 Horse Collar
30:27 Bow Saw
31:04 Heavy Plow
32:01 Gold Mining
35:41 Imperial Age
33:06 Town Watch
33:28 Bodkin Arrow
33:18 Elite Skirmisher
34:48 Wheelbarrow
34:16 Padded Archer Armor
36:02 Forging
36:13 Herbal Medicine
38:16 Crop Rotation
37:21 Crossbowman
38:27 Scale Mail Armor
meditator27
6:43 Loom
11:18 Feudal Age
12:26 Double-Bit Axe
15:08 Castle Age
13:16 Horse Collar
16:12 Bow Saw
16:49 Heavy Plow
22:06 Wheelbarrow
23:00 Gold Mining
23:22 Stone Mining
24:24 Hand Cart
26:48 Scale Barding Armor
27:38 Forging
32:06 Imperial Age
30:54 Chain Barding Armor
30:46 Bloodlines
31:13 Husbandry
31:51 Iron Casting
31:44 Cavalier
33:04 Plate Barding Armor
33:38 Two-Man Saw
32:49 Town Watch
36:22 Blast Furnace
danieleduka
9:32 Loom
12:49 Feudal Age
14:09 Double-Bit Axe
20:39 Castle Age
22:36 Pikeman
32:22 Imperial Age
30:08 Gold Mining
34:15 Chemistry
33:31 Crossbowman
Connection lost

Rejoining the realm…

Still unreachable

The connection could not be restored.

Session expired

The server has moved on; the page needs a fresh start.